 Dungeon Crawl Stone Soup version 0.21.0-25-ge575cb9ce8 (webtiles) character file.

23568 MalkierKing the Blocker (level 12, -1/110 HPs)
             Began as a Minotaur Fighter on Jan 26, 2018.
             Was a High Priest of Makhleb.
             Killed from afar by an electric eel (12 damage)
             ... with a bolt of electricity
             ... on level 1 of the Lair of Beasts.
             The game lasted 00:41:14 (12325 turns).

MalkierKing the Blocker (Minotaur Fighter)         Turns: 12325, Time: 00:41:15

Health: -1/110     AC: 13    Str: 34    XL:     12   Next: 73%
Magic:  11/11      EV: 17    Int:  5    God:    Makhleb [*****.]
Gold:   777        SH: 23    Dex: 10    Spells: 11/11 levels left

rFire    . . .     SeeInvis .   b - +7 morningstar
rCold    . . .     Gourm    .   L - +2 large shield
rNeg     . . .     Faith    .   G - +4 ring mail of Pan-Flutes {Str+4}
rPois    .         Spirit   .   (helmet restricted)
rElec    .         Reflect  .   v - +0 cloak
rCorr    .         Harm     +   (no gloves)
MR       .....                  (no boots)
Stlth    ..........             r - amulet of harm
HPRegen  0.28/turn              Q - +4 ring of strength
MPRegen  0.12/turn              A - +5 ring of evasion

@: no status effects
A: retaliatory headbutt, horns 2
a: Minor Destruction, Lesser Servant of Makhleb, Major Destruction, Greater
Servant of Makhleb, Renounce Religion


You were on level 1 of the Lair of Beasts.
You worshipped Makhleb.
Makhleb was extremely pleased with you.
You were not hungry.

You visited 3 branches of the dungeon, and saw 14 of its levels.
You also visited: Labyrinth.

You collected 777 gold pieces.

Inventory:

Hand Weapons
 a - a +0 war axe
 b - a +7 morningstar (weapon)
 M - a +0 executioner's axe
Missiles
 H - 7 javelins (quivered)
Armour
 v - a +0 cloak (worn)
 G - the +4 ring mail of Pan-Flutes (worn) {Str+4}
   (You found it on level 9 of the Dungeon)

   It affects your strength (+4).
 L - a +2 large shield (worn)
 N - a +3 plate armour
Jewellery
 h - a +6 ring of dexterity
 r - an amulet of harm (around neck)
 A - a +5 ring of evasion (right hand)
 F - an uncursed ring of protection from magic {unknown}
 Q - a +4 ring of strength (left hand)
Wands
 c - a wand of paralysis (24)
 e - a wand of clouds (3)
 x - a wand of random effects (32)
 y - a wand of flame (55)
 J - a wand of iceblast (19)
Scrolls
 g - a scroll of identify
 i - 2 scrolls of enchant weapon {unknown}
 j - 5 scrolls of remove curse
 m - a scroll of random uselessness {unknown}
 n - 3 scrolls of magic mapping
 p - 3 scrolls of immolation {unknown}
 q - 2 scrolls of fog {unknown}
 s - a scroll of fear {unknown}
 t - a scroll of noise {unknown}
 u - 7 scrolls of teleportation
 E - a scroll of amnesia {unknown}
 T - a scroll of acquirement {unknown}
Potions
 d - 4 potions of might
 k - 5 potions of curing
 l - 3 potions of flight {unknown}
 o - 4 potions of agility
 w - a potion of lignification {unknown}
 B - a potion of brilliance {unknown}
 C - 2 potions of ambrosia {unknown}
 D - a potion of berserk rage {unknown}
 I - a potion of cancellation {unknown}
Books
 z - a Young Poisoner's Handbook

   Spells                             Type                      Level
   a - Sting                          Conjuration/Poison           1
   b - Poisonous Vapours              Poison/Air                   2
   c - Mephitic Cloud                 Conjuration/Poison/Air       3
   d - Olgreb's Toxic Radiance        Poison                       4
   e - Venom Bolt                     Conjuration/Poison           5
 K - a book of Flames

   Spells                             Type                      Level
   a - Flame Tongue                   Conjuration/Fire             1
   b - Throw Flame                    Conjuration/Fire             2
   c - Conjure Flame                  Conjuration/Fire             3
   d - Inner Flame                    Hexes/Fire                   3
   e - Sticky Flame                   Conjuration/Fire             4
   f - Fireball                       Conjuration/Fire             5
 O - a book of Cantrips

   Spells                             Type                      Level
   a - Confusing Touch                Hexes                        1
   b - Animate Skeleton               Necromancy                   1
   c - Summon Small Mammal            Summoning                    1
   d - Apportation                    Translocation                1
 P - a book of Misfortune

   Spells                             Type                      Level
   a - Confusing Touch                Hexes                        1
   b - Confuse                        Hexes                        3
   c - Gell's Gravitas                Translocation                3
   d - Petrify                        Transmutation/Earth          4
   e - Metabolic Englaciation         Hexes/Ice                    5
   f - Yara's Violent Unravelling     Hexes/Transmutation          5
 R - Lom Lobon's Volume of Translocation
   (You found it in a labyrinth)

   Spells                             Type                      Level
   a - Apportation                    Translocation                1
   b - Recall                         Summoning/Translocation      3
   c - Gell's Gravitas                Translocation                3
   d - Force Lance                    Conjuration/Translocation    4
   e - Passage of Golubria            Translocation                4
   f - Malign Gateway                 Summoning/Translocation      7
 U - a Necronomicon

   Spells                             Type                      Level
   a - Haunt                          Necromancy/Summoning         7
   b - Borgnjor's Revivification      Necromancy                   8
   c - Death's Door                   Charms/Necromancy            8
   d - Infestation                    Necromancy                   8
   e - Necromutation                  Transmutation/Necromancy     8
Miscellaneous
 S - a box of beasts
Comestibles
 f - 33 rations


   Skills:
 + Level 11.3 Fighting
 * Level 13.2 Axes
 + Level 11.0 Armour
 + Level 8.0 Dodging
 + Level 13.7 Shields
 + Level 0.3 Evocations


You had 11 spell levels left.
You didn't know any spells.

Dungeon Overview and Level Annotations

Branches:
Dungeon (12/15)            Temple (1/1) D:6            Lair (1/6) D:11
    Orc (0/2) D:9

Altars:
Ashenzari
Cheibriados
Dithmenos
Elyvilon
Fedhas
Gozag
Hepliaklqana
Kikubaaqudgha
Makhleb
Nemelex Xobeh
Okawaru
Qazlal
Ru
Sif Muna
Trog
Uskayaw
Vehumet
Wu Jian
Xom
Yredelemnul
Zin
The Shining One

Shops:
D:9 *}

Annotations:
D:12 Snorg


Innate Abilities, Weirdness & Mutations

You reflexively headbutt those who attack you in melee.
You have a pair of horns on your head.


Message History

The electric eel shoots out a bolt of lightning at you!
The bolt of electricity hits you!
* * * LOW HITPOINT WARNING * * *
The bolt of electricity hits you!
* * * LOW HITPOINT WARNING * * *
The bolt of electricity hits the electric eel.
The electric eel completely resists.
The bolt of electricity hits the electric eel.
The electric eel completely resists.
The electric eel shoots out a bolt of lightning at you!
The bolt of electricity hits the electric eel.
The electric eel completely resists.
The bolt of electricity hits you!
* * * LOW HITPOINT WARNING * * *
The electric eel shoots out a bolt of lightning at you!
The bolt of electricity hits you!
* * * LOW HITPOINT WARNING * * *
You feel better.
The electric eel shoots out a bolt of lightning at you!
The bolt of electricity hits you!
You die...

###........................
##......................
#.####............. ###
#.............
#...#.........
##..##.........
#...##.........
###[.#.≈..≈..≈≈
#..@.P≈≈≈PP≈≈ #####;≈≈≈PP≈≈
#≈;≈P≈;≈≈ #≈≈≈PP≈≈≈
#≈≈≈≈≈≈≈P ♣≈≈≈≈≈≈≈≈
♣≈≈≈≈≈≈≈≈ ♣♣PP≈≈≈≈≈ P≈≈≈≈≈≈


You could see 3 electric eels.

Vanquished Creatures
  A minotaur (Lab)
  8 two-headed ogres
  3 unseen horrors
  Pikel (D:7)
  A deep elf mage (D:12)
  A wolf spider zombie (D:10)
  An ugly thing (D:12)
  A kobold demonologist (D:11)
  6 komodo dragons
  A troll (D:9)
  A hornet (D:7)
  A minotaur skeleton (Lab)
  2 hippogriffs
  2 wyverns
  6 yaks
  The ghost of chimenez the Changer, an amateur NaTm (D:3)
  2 vampire mosquitoes (D:12)
  4 basilisks
  13 hungry ghosts
  Grum (D:9)
  A soldier ant (D:10)
  An acid dragon (D:11)
  A porcupine (Lair:1)
  2 water moccasins (Lair:1)
  A slave (D:7)
  A black bear (D:12)
  2 ice beasts
  4 orc warriors
  6 necrophages
  3 wolves (D:9)
  9 centaurs
  8 ogres
  A crocodile (D:7)
  5 big kobolds
  7 bullfrogs
  6 scorpions
  5 killer bees (D:10)
  23 wights
  5 howler monkeys
  An electric eel (Lair:1)
  5 crimson imps
  A bullfrog zombie (D:8)
  A centaur zombie (D:8)
  3 jellies (D:6)
  A quasit (D:6)
  Crazy Yiuf (D:4)
  2 centaur skeletons
  9 orc wizards
  4 orc priests
  8 hounds
  3 bullfrog skeletons
  Ijyb (D:4)
  6 worker ants
  3 hound skeletons
  A mummy (D:8)
  8 worker ant zombies
  7 gnolls
  16 adders
  2 howler monkey skeletons
  A shadow imp (D:5)
  An ooze (D:1)
  2 adder zombies
  2 adder skeletons
  3 worms
  3 leopard geckos
  36 orcs
  A ball python (D:2)
  7 bats
  4 giant cockroaches
  8 hobgoblins
  21 jackals
  2 quokkas
  4 frilled lizards
  12 goblins
  A jackal skeleton (D:7)
  16 kobolds
  A leopard gecko skeleton (D:6)
  A quokka skeleton (D:4)
  A quokka zombie (D:9)
  11 rats
  2 plants (Lab)
371 creatures vanquished.

Vanquished Creatures (others)
  An unseen horror (D:11)
  2 plants (Lab)
  A withered plant (D:8)
4 creatures vanquished.

Grand Total: 375 creatures vanquished

Notes
Turn   | Place    | Note
-------+----------+-------------------------------------------
     0 | D:1      | MalkierKing the Minotaur Fighter began the quest for the Orb.
     0 | D:1      | Reached XP level 1. HP: 19/19 MP: 0/0
   166 | D:1      | Reached XP level 2. HP: 23/27 MP: 1/1
   714 | D:2      | Reached XP level 3. HP: 33/33 MP: 2/2
  1062 | D:2      | Found a burning altar of Makhleb.
  1068 | D:2      | Reached XP level 4. HP: 17/40 MP: 3/3
  1084 | D:2      | Became a worshipper of Makhleb the Destroyer
  1922 | D:3      | Reached * piety under Makhleb
  1922 | D:3      | Reached XP level 5. HP: 43/47 MP: 4/4
  1959 | D:3      | Reached skill level 1 in Dodging
  2463 | D:3      | Noticed chimenez's ghost (amateur NaTm)
  2476 | D:3      | Killed chimenez's ghost
  2476 | D:3      | Reached skill level 5 in Axes
  2476 | D:3      | Reached skill level 5 in Armour
  2476 | D:3      | Reached XP level 6. HP: 25/53 MP: 5/5
  2854 | D:4      | Reached skill level 5 in Shields
  2898 | D:4      | Noticed Ijyb
  2984 | D:4      | Got a brightly glowing falchion
  3008 | D:4      | Found a shattered altar of Ashenzari.
  3033 | D:2      | Identified the +1 falchion "Demonslayer" {antimagic, rElec rPois Str+5 Dex-4} (You found it on level 4 of the Dungeon)
  3210 | D:3      | Reached skill level 5 in Fighting
  3266 | D:4      | Killed Ijyb
  3271 | D:4      | Reached XP level 7. HP: 22/61 MP: 6/6
  3295 | D:4      | Found a shadowy altar of Dithmenos.
  3825 | D:4      | Found a runed door.
  3829 | D:4      | Noticed Crazy Yiuf
  3834 | D:4      | Killed Crazy Yiuf
  4151 | D:5      | Entered Level 5 of the Dungeon
  4379 | D:5      | Reached ** piety under Makhleb
  4439 | D:5      | Found a deep blue altar of Sif Muna.
  4619 | D:6      | Reached XP level 8. HP: 56/69 MP: 7/7
  4710 | D:6      | Found an opulent altar of Gozag.
  4761 | D:6      | Found a shimmering altar of Xom.
  4828 | D:6      | Found a snail-covered altar of Cheibriados.
  5000 | D:6      | Found an ornate altar of the Wu Jian Council.
  5151 | D:6      | Found a staircase to the Ecumenical Temple.
  5160 | Temple   | Entered the Ecumenical Temple
  5584 | D:7      | Reached XP level 9. HP: 73/75 MP: 8/8
  5610 | D:7      | Reached *** piety under Makhleb
  5749 | D:7      | Noticed a moth of wrath
  5752 | D:7      | Found a bloodstained altar of Trog.
  5930 | D:7      | Reached skill level 10 in Axes
  6006 | D:7      | Noticed Pikel
  6021 | D:7      | Killed Pikel
  6253 | D:8      | Reached **** piety under Makhleb
  6285 | D:8      | Reached XP level 10. HP: 86/86 MP: 9/9
  6299 | D:8      | Found a basalt altar of Yredelemnul.
  6396 | D:8      | Noticed a two-headed ogre
  6439 | D:8      | Noticed a two-headed ogre
  6657 | D:8      | Found a white marble altar of Elyvilon.
  6727 | D:8      | Found an ancient bone altar of Kikubaaqudgha.
  6731 | D:8      | Noticed a two-headed ogre
  6735 | D:8      | Killed a two-headed ogre
  6751 | D:8      | Killed a two-headed ogre
  6752 | D:8      | Killed a two-headed ogre
  7319 | D:9      | Got a steaming ring mail
  7333 | D:8      | Identified the +4 ring mail of Pan-Flutes {Str+4} (You found it on level 9 of the Dungeon)
  7380 | D:9      | Reached ***** piety under Makhleb
  7406 | D:9      | Reached XP level 11. HP: 95/95 MP: 10/10
  7448 | D:9      | Reached skill level 10 in Armour
  7450 | D:9      | Reached skill level 10 in Shields
  7455 | D:9      | Noticed Grum
  7459 | D:9      | Noticed a two-headed ogre
  7466 | D:9      | Killed Grum
  7469 | D:9      | Killed a two-headed ogre
  7632 | D:9      | Found Ohameoce's Changing Room.
  7841 | D:9      | Found a staircase to the Orcish Mines.
  7916 | D:9      | Found Fuokin's Gadget Boutique.
  8617 | D:10     | Entered Level 10 of the Dungeon
  8617 | D:10     | Noticed a two-headed ogre
  8622 | D:10     | Killed a two-headed ogre
  8622 | D:10     | Reached skill level 5 in Dodging
  8667 | D:10     | Noticed a two-headed ogre
  8672 | D:10     | Killed a two-headed ogre
  9220 | D:10     | Noticed a two-headed ogre
  9229 | D:10     | Killed a two-headed ogre
  9229 | D:10     | Reached skill level 10 in Fighting
  9323 | D:10     | Killed an unseen horror
  9501 | D:11     | Found a labyrinth entrance.
  9519 | Lab      | Entered a labyrinth
  9668 | Lab      | Reached XP level 12. HP: 106/106 MP: 11/11
  9903 | Lab      | Noticed a minotaur
  9910 | Lab      | Killed a minotaur
  9924 | Lab      | Identified Lom Lobon's Volume of Translocation
  9928 | Lab      | Found the +2 pair of boots of the Assassin {Detection Stab+ Stlth++}
 10313 | D:11     | Noticed a two-headed ogre
 10321 | D:11     | Killed a two-headed ogre
 10936 | D:11     | Found a staircase to the Lair.
 11368 | D:12     | Noticed Snorg
 11904 | Lair:1   | Entered Level 1 of the Lair of Beasts
 12324 | Lair:1   | HP: 1/110 [electric eel/bolt of electricity (14)]
 12325 | Lair:1   | Killed from afar by an electric eel

Skill      XL: |  1  2  3  4  5  6  7  8  9 10 11 12 |
---------------+-------------------------------------+-----
Fighting       | 4 5 6 7 8 10 11 | 11.3
Armour         | 4 5 6 7 8 9 10 11 | 11.0
Shields        | 4 5 6 7 8 9 12 13 | 13.7
Axes           | 3 4 5 6 8 11 12 13 | 13.2
Dodging        | 1 2 3 4 6 8 |  8.0
Evocations     | |  0.3

Action                   |  1- 3 |  4- 6 |  7- 9 | 10-12 || total
-------------------------+-------+-------+-------+-------++-------
Melee: War axe           |    96 |    80 |   248 |    44 ||   468
       Headbutt          |     9 |    19 |    65 |    98 ||   191
       Flail             |       |    23 |       |       ||    23
       Morningstar       |       |       |       |   420 ||   420
Evoke: Wand              |       |       |       |     3 ||     3
  Use: Scroll            |       |     3 |     4 |     7 ||    14
       Potion            |       |       |       |     2 ||     2
  Eat: Chunk             |     1 |     6 |    11 |    19 ||    37
       Ration            |       |       |       |     1 ||     1
Armor: Scale mail        |    44 |    44 |    41 |       ||   129
       Chain mail        |       |       |    24 |    15 ||    39
       Ring mail         |       |       |       |    80 ||    80
Dodge: Dodged            |    33 |    54 |   128 |   282 ||   497
Block: Shield            |    62 |    84 |   148 |   253 ||   547
       Large shield      |       |       |       |   164 ||   164
